 Dungeon Crawl Stone Soup version 0.28-b1-1-g3c77fb2ed1 (webtiles) character file.

Game seed: 2216598129931280722

146178 Lobster4 the Wrestler (level 16, 0/166 (179) HPs)
             Began as a Troll Monk on Jan 29, 2022.
             Was the Champion of Wu Jian.
             Slain by a pharaoh ant (28 damage)
             ... on level 2 of the Spider Nest on Jan 30, 2022.
             The game lasted 02:07:23 (27320 turns).

Lobster4 the Wrestler (Troll Monk)                 Turns: 27320, Time: 02:07:23

HP:   0/166 (179)   AC: 15    Str: 25 (27) XL:     16   Next: 89%
MP:   0/15          EV: 15    Int:  4      God:    Wu Jian [******]
Gold: 2296          SH:  0    Dex: 11 (12) Spells: 15/15 levels left

rFire   . . .      SeeInvis .     - Unarmed
rCold   . . .      Faith    .   (no shield)
rNeg    + . .      Spirit   +   M - +1 acid dragon scales
rPois   +          Reflect  .   D - +1 hat {Stlth+}
rElec   .          Harm     .   j - scarf {repulsion}
rCorr   +          Rampage  .   (gloves unavailable)
Will    +....                   (boots unavailable)
Stlth   ++........              p - amulet "Celuylaj" {Spirit rPois rN+ Int-4}
HPRegen 1.17/turn               w - +4 ring of evasion
MPRegen 0.14/turn               Q - +4 ring of protection

@: about to teleport, drained, repel missiles
A: large, unfitting armour, claws 3, regeneration 1, shaggy fur 1, tough skin 1
a: Renounce Religion, Wall Jump, Serpent's Lash, Heavenly Storm


You were on level 2 of the Spider Nest.
You worshipped Wu Jian.
Wu Jian was exalted by your worship.
You visited 5 branches of the dungeon, and saw 26 of its levels.
You also visited: Bailey and Gauntlet.

You collected 2296 gold pieces.

Inventory:

Hand Weapons
 a - a +1 spectral giant spiked club
 b - a +2 vorpal longbow
Missiles
 c - 612 stones
 l - 614 arrows
 r - 15 large rocks
 E - 6 silver javelins
 I - 2 curare-tipped darts
 L - 15 poisoned darts (quivered)
 R - a throwing net
 Y - 20 javelins
Armour
 j - a scarf of repulsion (worn)
 C - an orb of light
 D - a +1 hat of stealth (worn)
 H - the quicksilver dragon scales "Famoutad" {-Tele Harm rC+++ Will+ Dex+5}
   (You found it in a bailey)

   Dex:       It affects your dexterity (+5).
   rC:        It renders you almost immune to cold.
   -Tele:     It prevents most forms of teleportation.
   Harm:      It increases damage dealt and taken.
   Will:      It increases your willpower.
 M - +1 acid dragon scales (worn)
Jewellery
 o - a ring of willpower
 p - the amulet "Celuylaj" (around neck) {Spirit rPois rN+ Int-4}
   (You found it in a bailey)

   [amulet of guardian spirit]

   It causes incoming damage to be divided between your reserves of health and
   magic.
   Int:       It affects your intelligence (-4).
   rPois:     It protects you from poison.
   rN:        It protects you from negative energy.
 w - a +4 ring of evasion (left claw)
 G - a ring of poison resistance
 Q - a +4 ring of protection (right claw)
 T - a ring of protection from fire
 W - the amulet "Mycam" {Reflect SH+5 Stlth+}
   (You found it in a Gauntlet)

   [amulet of reflection]

   It reflects blocked missile attacks.
   SH:        It affects your SH (+5).
   Stlth:     It makes you more stealthy.
Wands
 f - a wand of paralysis (3)
 s - a wand of iceblast (17)
 u - a wand of acid (5)
 A - a wand of digging (11)
 B - a wand of flame (30)
Scrolls
 d - 11 scrolls of identify
 g - 3 scrolls of holy word
 h - 4 scrolls of summoning
 i - 11 scrolls of teleportation
 q - 4 scrolls of fear
 t - 5 scrolls of magic mapping
 v - 2 scrolls of immolation
 y - 2 scrolls of fog
 K - 2 scrolls of silence
Potions
 e - 2 potions of cancellation
 m - 4 potions of heal wounds
 x - 6 potions of flight
 z - 6 potions of curing
 O - a potion of ambrosia
 S - 6 potions of lignification
 V - 4 potions of haste
Miscellaneous
 n - a condenser vane
 N - a phial of floods
 X - a lightning rod (4/4)
 Z - a tin of tremorstones (2/2)


   Skills:
 + Level 15.9 Fighting
 - Level 2.0 Maces & Flails
 - Level 1.0 Bows
 - Level 1.0 Throwing
 - Level 7.0 Armour
 - Level 7.0 Dodging
 - Level 1.0 Stealth
 * Level 22.8 Unarmed Combat
 - Level 3.0 Evocations


You had 15 spell levels left.
You didn't know any spells.
Your spell library contained the following spells:

 Spells                   Type           Power      Damage    Failure   Level
 Apportation              Tloc           0%         N/A       56%         1
 Sandblast                Erth           0%         2d4       56%         1
 Slow                     Hex            0%         N/A       56%         1
 Sting                    Tmut/Pois      0%         1d3       56%         1
 Corpse Rot               Necr/Air       0%         N/A       71%         2
 Passwall                 Tmut/Erth      0%         N/A       71%         2
 Poisonous Vapours        Pois/Air       0%         N/A       71%         2
 Static Discharge         Conj/Air       0%         N/A       71%         2
 Sublimation of Blood     Necr           0%         N/A       71%         2
 Gell's Gravitas          Tloc           0%         N/A       90%         3
 Inner Flame              Hex/Fire       0%         N/A       90%         3
 Lesser Beckoning         Tloc           0%         N/A       90%         3
 Stone Arrow              Conj/Erth      0%         3d7       90%         3
 Teleport Other           Tloc           0%         N/A       90%         3
 Airstrike                Air            0%         N/A       100%        4
 Animate Armour           Summ/Erth      0%         N/A       100%        4
 Cause Fear               Hex            0%         N/A       100%        4
 Dispel Undead            Necr           0%         3d6       100%        4
 Fulminant Prism          Conj/Hex       0%         3d6       100%        4
 Iskenderun's Mystic Bla  Conj/Tloc      0%         2d3       100%        4
 Leda's Liquefaction      Hex/Erth       0%         N/A       100%        4
 Olgreb's Toxic Radiance  Pois           0%         N/A       100%        4
 Petrify                  Tmut/Erth      0%         N/A       100%        4
 Sticky Flame             Conj/Fire      0%         2d3       100%        4
 Summon Ice Beast         Ice/Summ       0%         N/A       100%        4
 Summon Lightning Spire   Summ/Air       0%         N/A       100%        4
 Alistair's Intoxication  Tmut/Pois      0%         N/A       100%        5
 Irradiate                Conj/Tmut      0%         3d13      100%        5
 Iskenderun's Battlesphe  Conj           0%         2d6       100%        5
 Lee's Rapid Deconstruct  Erth           0%         3d5*      100%        5
 Lightning Bolt           Conj/Air       0%         1d11      100%        5
 Summon Mana Viper        Hex/Summ       0%         N/A       100%        5
 Iron Shot                Conj/Erth      0%         9d1       100%        6
 Monstrous Menagerie      Summ           0%         N/A       100%        7
 Spellforged Servitor     Conj/Summ      0%         N/A       100%        7
 Storm Form               Tmut/Air       0%         N/A       100%        7
 Discord                  Hex            0%         N/A       100%        8
 Lehudib's Crystal Spear  Conj/Erth      0%         10d2      100%        8
 Maxwell's Capacitive Co  Air            0%         ∞         100%        8
 Polar Vortex             Ice            0%         N/A       100%        9


Dungeon Overview and Level Annotations

Branches:
Dungeon (15/15)            Temple (1/1) D:7            Lair (6/6) D:11
 Shoals (0/4) Lair:2       Spider (2/4) Lair:4        Slime (0/5) Lair:6
    Orc (2/2) D:10            Elf (0/3) Orc:2        Vaults (0/5) D:13
 Depths (0/4) D:15         Bailey (visited)         Gauntlet (visited)

Altars:
Ashenzari
Cheibriados
Dithmenos
Elyvilon
Fedhas
Hepliaklqana
Kikubaaqudgha
Makhleb
Nemelex Xobeh
Okawaru
Qazlal
Ru
Sif Muna
Trog
Uskayaw
Vehumet
Wu Jian
Xom
Yredelemnul
Zin
The Shining One
Beogh
Jiyva

Shops:
D:10 *   D:13 =   Orc:2 (:*!

Portals:
Pandemonium: Orc:2

Annotations:
D:10 exclusion: obsidian statue
Orc:1 2 transporters, crazypyro's ghost, journeyman MiFi


Innate Abilities, Weirdness & Mutations

You are too large for most types of armour.
You have claws for hands.
Your natural rate of healing is unusually fast.
You are covered in fur. (AC +1)
You have tough skin. (AC +1)


Message History

You mangle the ghost moth!!
You kill the ghost moth!
The Council accepts your kill.
Reactivating autopickup.
Okay, then.
You start removing your armour.
You continue taking off your orb of light.
The pharaoh ant barely misses you.
You continue taking off your orb of light.
Keep disrobing?
The pharaoh ant bites you!! You partially resist.
You feel drained.
You continue taking off your orb of light.
The pharaoh ant misses you.
You continue taking off your orb of light.
The pharaoh ant closely misses you. The pharaoh ant barely misses you.
You finish taking off your orb of light.
You scratch the pharaoh ant but do no damage.
The pharaoh ant bites you!!
* * * LOW HITPOINT WARNING * * *
You claw the pharaoh ant! Your claw misses the pharaoh ant.
The pharaoh ant is moderately damaged.
You scratch the pharaoh ant. You claw the pharaoh ant.
The pharaoh ant is heavily damaged.
The pharaoh ant bites you!
* * * LOW HITPOINT WARNING * * *
You partially resist.
You feel drained. The tarantella touches you.
* * * LOW HITPOINT WARNING * * *
As you read the scroll of teleportation, it crumbles to dust.
You feel strangely unstable. The pharaoh ant barely misses you.
The tarantella touches you but does no damage.
The tarantella touches you.
* * * LOW HITPOINT WARNING * * *
The pharaoh ant bites you!!
* * * LOW HITPOINT WARNING * * *
You partially resist.
You feel drained.
* * * LOW HITPOINT WARNING * * *
You feel much better.
The tarantella touches you but does no damage.
The pharaoh ant bites you!!
You die...

..#....# ##.....##.#.#...##..#
...^...# ##......#.......##.##
##.#[?.# #.)#[.###......###.#
####...# #...#####..###.##..###
..##...# #..##..##...#..##.....
...##.## #...#...#...#..###.#..
...#### ##./#..##...##^.##.##.
...#### #..##..##########..#..
....#.##(.##...B@..#^.....##..#..
......###......s..##).........###
.....#.#!......#.(####.....##.###
#..#####################..##.....
..##..^###..##.#....[..##.....##.
..................^...^..........
###.#.#.#.###..##.....###.##.#...
##...#.....###########.#.###...##
##..#...### ########....####.##


You could see a pharaoh ant and a tarantella.

Vanquished Creatures
  Gastronok (Lair:3)
  4 emperor scorpions
  2 ghost moths (Spider:2)
  A broodmother (Spider:1)
  An ironbound preserver (D:13)
  Azrael (D:15)
  4 entropy weavers
  A minotaur (Gauntlet)
  A spark wasp (Spider:2)
  An ettin (D:15)
  Josephine (D:11)
  Fannar (D:12)
  3 boulder beetles
  4 ogre magi (Orc:1)
  10 hydras
  7 centaur warriors
  2 jorogumos
  2 catoblepae
  7 two-headed ogres
  A radroach (Spider:1)
  2 demonspawn (Orc:2)
  A death knight (D:11)
  A death scarab (Spider:2)
  A tengu warrior (D:15)
  6 orc high priests
  Sonja (D:12)
  3 skeletal warriors (D:12)
  5 pharaoh ants
  2 goliath frogs (Lair:6)
  5 sixfirhies
  A deep troll (D:15)
  4 orb spiders
  Pikel (D:9)
  2 wizards (D:15)
  A necromancer (D:15)
  8 orc knights
  4 steelbarb worms (Spider:2)
  A harpy (shapeshifter) (D:13)
  A deep elf pyromancer (D:11)
  A phantasmal warrior (D:12)
  3 ugly things (D:13)
  4 cyclopes
  An oklob plant (Lair:5)
  6 wolf spiders
  15 elephants
  10 orc sorcerers
  2 manticores
  2 moths of wrath (Spider:2)
  A worldbinder (Gauntlet)
  A guardian serpent (shapeshifter) (D:15)
  4 black mambas
  2 gargoyles
  A large abomination (Gauntlet)
  Maggie (D:9)
  2 freezing wraiths
  21 cane toads
  Psyche (D:9)
  An efreet (D:13)
  7 demonic crawlers
  7 komodo dragons
  An unseen horror (D:12)
  4 rime drakes
  An unseen horror (shapeshifter) (D:15)
  A komodo dragon (shapeshifter) (D:13)
  A red devil (Orc:2)
  3 trolls
  3 polar bears
  11 tarantellas
  4 meliai (Spider:2)
  3 tyrant leeches (Lair:6)
  A hornet (Orc:1)
  16 slime creatures
  17 blink frogs
  5 dream sheep (Lair:6)
  9 culicivoras
  2 vampires
  A ynoxinul (Orc:2)
  22 jumping spiders
  A water elemental (D:14)
  Eustachio (D:6)
  4 wyverns
  9 wraiths
  5 fire elementals (D:15)
  5 basilisks
  62 yaks
  30 redbacks
  17 vampire mosquitoes
  3 wargs (Orc:2)
  3 hell hounds (D:15)
  13 water moccasins
  An ice beast (D:7)
  37 orc warriors
  2 acid dragons (D:11)
  A floating eye (Orc:1)
  Duvessa (D:6)
  A black bear (D:6)
  3 sky beasts
  10 ogres
  2 necrophages
  39 wolves
  A boggart (Gauntlet)
  10 centaurs
  3 lemures (D:9)
  4 small abominations (Gauntlet)
  Blork the orc (D:6)
  2 phantoms
  2 kobold brigands
  A wyvern zombie (D:7)
  14 bullfrogs
  2 gnoll sergeants
  3 scorpions
  Dowan (D:6)
  A water moccasin skeleton (D:2)
  5 killer bees (D:7)
  2 howler monkeys
  10 wights
  An electric eel (D:10)
  A lava snake (D:15)
  A bullfrog zombie (D:7)
  2 centaur zombies
  27 orc priests
  5 hounds
  3 centaur skeletons
  A bullfrog skeleton (D:5)
  A gnoll shaman (D:7)
  25 orc wizards
  3 iguanas
  A killer bee zombie (D:6)
  A hound skeleton (D:4)
  9 gnolls
  A howler monkey skeleton (D:5)
  9 adders
  2 shadow imps
  An ufetubus (D:4)
  3 worms
  3 dart slugs
  113 orcs
  A bat (D:1)
  7 endoplasms
  5 giant cockroaches
  14 goblins
  9 hobgoblins
  4 jackals (D:2)
  4 quokkas
  10 ball pythons
  3 frilled lizards
  15 kobolds
  5 rats
  A fire vortex (D:15)
906 creatures vanquished.

Vanquished Creatures (collateral kills)
  A deep elf pyromancer (Bailey)
  Terence (D:3)
  A kobold (D:3)
3 creatures vanquished.

Vanquished Creatures (others)
  A bush (Lair:5)
  43 fungi
  95 plants
139 creatures vanquished.

Grand Total: 1048 creatures vanquished

Notes
Turn   | Place    | Note
-------+----------+-------------------------------------------
     0 | D:1      | Lobster4 the Troll Monk began the quest for the Orb.
     0 | D:1      | Reached XP level 1. HP: 22/22 MP: 0/0
    68 | D:1      | Reached XP level 2. HP: 29/29 MP: 1/1
   310 | D:1      | Found a faded altar of an unknown god.
   314 | D:1      | Noticed a floating eye
   315 | D:1      | Noticed a shining eye
   315 | D:1      | Noticed a floating eye
   315 | D:1      | Noticed a golden eye
   353 | D:1      | Reached XP level 3. HP: 36/36 MP: 2/2
   837 | D:2      | Reached skill level 4 in Unarmed Combat
  1150 | D:2      | Reached XP level 4. HP: 44/44 MP: 3/3
  1588 | D:3      | Noticed Terence
  1603 | D:3      | Killed Terence
  1604 | D:3      | Reached XP level 5. HP: 53/53 MP: 4/4
  1724 | D:3      | Reached skill level 5 in Unarmed Combat
  2228 | D:3      | Found a bloodstained altar of Trog.
  2534 | D:4      | Reached XP level 6. HP: 61/61 MP: 5/5
  2544 | D:4      | Reached skill level 6 in Unarmed Combat
  2701 | D:4      | Reached skill level 1 in Throwing
  2701 | D:4      | Reached XP level 7. HP: 49/70 MP: 6/6
  3374 | D:4      | Reached skill level 7 in Unarmed Combat
  3440 | D:5      | Entered Level 5 of the Dungeon
  3565 | D:5      | You fall into a shaft and drop 3 floors!
  3724 | D:7      | Reached skill level 1 in Evocations
  3875 | D:8      | Noticed a basilisk
  3889 | D:8      | Killed a basilisk
  3890 | D:8      | Reached skill level 8 in Unarmed Combat
  3890 | D:8      | Reached XP level 8. HP: 32/79 MP: 7/7
  4063 | D:7      | Reached skill level 5 in Fighting
  4285 | D:7      | Found a blossoming altar of Fedhas.
  4291 | D:7      | Found a shimmering altar of Xom.
  4319 | D:6      | Noticed Blork the orc
  4501 | D:5      | Reached skill level 9 in Unarmed Combat
  4687 | D:5      | Reached XP level 9. HP: 77/89 MP: 5/8
  4793 | D:5      | Reached skill level 10 in Unarmed Combat
  5208 | D:6      | Noticed Eustachio
  5226 | D:6      | Killed Eustachio
  5419 | D:6      | Reached skill level 11 in Unarmed Combat
  5533 | D:6      | Noticed Dowan
  5540 | D:6      | Noticed Duvessa
  5548 | D:6      | Killed Duvessa
  5561 | D:6      | Killed Dowan
  5621 | D:6      | Killed Blork the orc
  5838 | D:7      | Found a glowing silver altar of Zin.
  6017 | D:7      | Reached XP level 10. HP: 102/102 MP: 9/9
  6225 | D:7      | Reached skill level 12 in Unarmed Combat
  6322 | D:7      | Found a staircase to the Ecumenical Temple.
  6327 | Temple   | Entered the Ecumenical Temple
  6364 | Temple   | Became a worshipper of the Wu Jian Council
  6364 | Temple   | Reached * piety under Wu Jian
  6364 | Temple   | Reached ** piety under Wu Jian
  7096 | D:8      | Found an iron altar of Okawaru.
  7479 | D:9      | Found a flagged portal.
  7487 | D:9      | Reached skill level 13 in Unarmed Combat
  7517 | Bailey   | Entered a bailey
  7749 | Bailey   | Noticed an orc knight
  7766 | Bailey   | Found a large runed translucent door.
  7766 | Bailey   | Found a large runed translucent door.
  7767 | Bailey   | Noticed a deep elf pyromancer
  7838 | Bailey   | Killed an orc knight
  7866 | Bailey   | Killed a deep elf pyromancer
  7879 | Bailey   | Identified the amulet "Celuylaj" {Spirit rPois rN+ Int-4}
  7884 | Bailey   | Identified the quicksilver dragon scales "Famoutad" {-Tele
                  | Harm rC+++ Will+ Dex+5}
  7958 | D:9      | Noticed Maggie
  7967 | D:9      | Killed Maggie
  7971 | D:9      | Noticed a two-headed ogre
  7985 | D:8      | Reached XP level 11. HP: 112/113 MP: 8/10
  7999 | D:8      | Reached *** piety under Wu Jian
  8118 | D:9      | Reached skill level 14 in Unarmed Combat
  8245 | D:9      | Killed a two-headed ogre
  8282 | D:9      | Noticed Psyche
  8432 | D:9      | Killed Psyche
  8556 | D:9      | Identified the +4 scale mail of the Dragonfruit {Contam
                  | rC++ Slay+2}
  8867 | D:9      | Noticed Pikel
  8880 | D:9      | Killed Pikel
  9098 | D:10     | Entered Level 10 of the Dungeon
  9300 | D:10     | Reached skill level 1 in Maces & Flails
  9350 | D:10     | Noticed a two-headed ogre
  9357 | D:10     | Killed a two-headed ogre
  9358 | D:10     | Reached skill level 1 in Bows
  9358 | D:10     | Reached skill level 1 in Armour
  9393 | D:10     | Noticed a two-headed ogre
  9400 | D:10     | Killed a two-headed ogre
  9430 | D:10     | Noticed a two-headed ogre
  9437 | D:10     | Killed a two-headed ogre
  9438 | D:10     | Reached skill level 15 in Unarmed Combat
  9502 | D:10     | Found Efuel's Mayhem Merchandise.
  9518 | D:10     | Noticed an obsidian statue
  9574 | D:10     | Found a broken altar of Ashenzari.
  9630 | D:10     | Found a burning altar of Makhleb.
  9837 | D:10     | Reached **** piety under Wu Jian
  9916 | D:10     | Found a staircase to the Orcish Mines.
 10204 | D:11     | Noticed a two-headed ogre
 10223 | D:11     | Killed a two-headed ogre
 10339 | D:11     | Found a staircase to the Lair.
 10356 | D:11     | Identified the +8 short sword of the Hummingbird {flame,
                  | rElec rN+ Dex+3}
 10465 | D:11     | Noticed Josephine
 10473 | D:11     | Killed Josephine
 10474 | D:11     | Reached XP level 12. HP: 116/126 MP: 11/11
 10598 | D:11     | Identified the +6 plate armour of Vipnane {Int+7}
 10680 | D:11     | Found an iron altar of Okawaru.
 11223 | Lair:1   | Entered Level 1 of the Lair of Beasts
 11259 | Lair:1   | Reached skill level 16 in Unarmed Combat
 11301 | Lair:1   | Reached skill level 10 in Fighting
 11330 | Lair:1   | Reached ***** piety under Wu Jian
 11347 | Lair:1   | Identified a scroll of acquirement
 11348 | Lair:1   | Acquired a manual of Fighting
 11638 | Lair:2   | Got the Catalogue of Ensnaring Cold
 11693 | Lair:2   | You fall into a shaft and drop 1 floor!
 11868 | Lair:2   | Found a staircase to the Shoals.
 12482 | Lair:3   | Noticed a four-headed hydra
 12548 | Lair:3   | Noticed a four-headed hydra
 12548 | Lair:3   | Noticed a six-headed hydra
 12564 | Lair:3   | Killed a four-headed hydra
 12599 | Lair:3   | Killed a six-headed hydra
 12600 | Lair:3   | Reached skill level 17 in Unarmed Combat
 12779 | Lair:3   | Noticed Gastronok
 12787 | Lair:3   | Killed Gastronok
 12788 | Lair:3   | Reached XP level 13. HP: 126/137 MP: 10/12
 13759 | Lair:4   | Found a hole to the Spider Nest.
 14073 | Lair:5   | Found a burning altar of Makhleb.
 14129 | Lair:5   | Reached skill level 18 in Unarmed Combat
 14674 | Lair:5   | Reached ****** piety under Wu Jian
 15087 | Lair:6   | Entered Level 6 of the Lair of Beasts
 15196 | Lair:6   | Reached XP level 14. HP: 153/153 MP: 13/13
 15256 | Lair:6   | Reached skill level 19 in Unarmed Combat
 16019 | Lair:6   | Found a viscous altar of Jiyva.
 16019 | Lair:6   | Found a staircase to the Slime Pits.
 16663 | Orc:1    | Entered Level 1 of the Orcish Mines
 16728 | Orc:1    | Found a transporter.
 16730 | Orc:1    | Noticed crazypyro's ghost (journeyman MiFi)
 16855 | Orc:1    | Found a transporter.
 17222 | Orc:1    | Reached skill level 5 in Dodging
 17225 | Orc:1    | Reached skill level 5 in Armour
 17387 | Orc:2    | Entered Level 2 of the Orcish Mines
 17445 | Orc:2    | Found a staircase to the Elven Halls.
 18346 | Orc:2    | Found Byb Cimy's Distillery.
 18424 | Orc:2    | Found Bystraku's General Store.
 18710 | Orc:2    | Reached skill level 20 in Unarmed Combat
 18797 | Orc:2    | Reached XP level 15. HP: 138/165 MP: 11/14
 18944 | Orc:2    | Found Gyaph's Antique Weapon Shop.
 18944 | Orc:2    | Found Cazitreha's Book Boutique.
 18945 | Orc:2    | Found a one-way gate leading to the halls of Pandemonium.
 19292 | D:12     | Noticed Fannar
 19589 | D:12     | Killed Fannar
 19760 | D:12     | Noticed Sonja
 19775 | D:12     | Killed Sonja
 20096 | D:12     | Found a blossoming altar of Fedhas.
 20147 | D:13     | Found Moery's Jewellery Boutique.
 20178 | D:13     | Found a gate leading to a gauntlet.
 20196 | Gauntlet | Entered a Gauntlet
 20196 | Gauntlet | Found a transporter.
 20196 | Gauntlet | Found a transporter.
 20200 | Gauntlet | Found a transporter.
 20202 | Gauntlet | Found a transporter.
 20207 | Gauntlet | Found a transporter.
 20226 | Gauntlet | Found a transporter.
 20236 | Gauntlet | Found a transporter.
 20236 | Gauntlet | Found a transporter.
 20260 | Gauntlet | Found a transporter.
 20269 | Gauntlet | Found a transporter.
 20301 | Gauntlet | Found a transporter.
 20346 | Gauntlet | Found a transporter.
 20362 | Gauntlet | Found a transporter.
 20464 | Gauntlet | Found a transporter.
 20478 | Gauntlet | Found a transporter.
 20491 | Gauntlet | Found a transporter.
 20671 | Gauntlet | Identified the amulet "Mycam" {Reflect SH+5 Stlth+}
 20838 | D:13     | Found a gate to the Vaults.
 20941 | D:13     | Reached skill level 21 in Unarmed Combat
 21429 | D:13     | Reached skill level 15 in Fighting
 22332 | D:14     | Found a glowing golden altar of the Shining One.
 22683 | D:15     | Entered Level 15 of the Dungeon
 22824 | D:15     | Noticed Azrael
 22832 | D:15     | Killed Azrael
 23237 | D:15     | Found the +7 Spriggan's Knife {stab, EV+4 Stlth+}
 23272 | D:15     | Reached XP level 16. HP: 172/176 MP: 13/15
 23405 | D:15     | Found a staircase to the Depths.
 23988 | Spider:1 | Entered Level 1 of the Spider Nest
 24636 | Lair:4   | Reached skill level 22 in Unarmed Combat
 27237 | Spider:2 | Identified the +10 hunting sling of Disaster {vorpal,
                  | *Corrode rPois rF+++ Dex-3}
 27319 | Spider:2 | HP: 4/170 [pharaoh ant (27)]
 27320 | Spider:2 | Slain by a pharaoh ant

Illustrated notes

Levels and vault maps discovered:
D:1:      minmay_arrival_four_houses, layout_loops_ring,
          hellmonk_ecumenical_altar_watching_god, minmay_misc_feat_alley,
          nrook_loot_triangle, hex_large
D:2:      minmay_spotlight, layout_basic
D:3:      layout_basic, trog_butcher_becter, uniq_terence
D:4:      layout_gridville, serial_glass, glass_columns_a, glass_columns_a
D:5:      layout_rooms, corexii_checkpoint_a, minmay_misc_feat_diagonals
D:6:      layout_rooms, hangedman_decor_push, uniq_eustachio,
          uniq_blork_the_orc, uniq_duvessa
D:7:      layout_gridville, nicolae_overflow_hidden_temple,
          minmay_temple_entry_nine_rooms, grunt_decor_resistance,
          kennysheep_opposing_triangles
D:8:      layout_loops_ring, mainiacjoe_overflow_alcove_2,
          minmay_misc_feat_hallway, nicolae_benzene_ring, minmay_fountain_box
D:9:      layout_cross, enter_bailey_2, uniq_pikel, uniq_psyche, uniq_maggie
D:10:     layout_roguey, nicolae_overflow_squiral, hiddenorc1_lemuel,
          minmay_misc_feat_chi, minmay_shop_mayhem, minmay_statue_bubble
D:11:     layout_basic, erik_lair_dragon, okawaru_metal_pillars_3,
          uniq_josephine
D:12:     layout_gridville, fedhas_altar_4, uniq_sonja, uniq_fannar
D:13:     layout_long_grid, skrybe_vaults_entry_preservation,
          gauntlet_entry_generic, serial_shops, nicolae_shop_crystal
D:14:     layout_basic, minmay_misc_feat_encased, tso_altar
D:15:     hangedman_depths_entry_civil_slaughter, layout_basic,
          minmay_misc_feat_rows, kennysheep_pointless_box, minivault_19,
          uniq_azrael
Temple:   nicolae_temple_great_sept
Lair:1:   layout_big_grid
Lair:2:   layout_chaotic_city, minmay_shoals_entry_centaurs
Lair:3:   layout_concentric_octagons, nicolae_lair_grove_arrangements,
          grunt_megastairs_1, serial_bayou_shore_b, serial_bayou_shore_b,
          uniq_gastronok
Lair:4:   layout_concentric_octagons, nicolae_spider_entry_orb_guardian
Lair:5:   layout_loops_ring, lemuel_oklob_altar
Lair:6:   minmay_lair_end_frog_pond, layout_layer_cave,
          dpeg_slime_entry_enclosed_altar, grunt_megastairs_3
Spider:1: layout_spider_delve, hangedman_spider_tarantella_strand
Spider:2: nicolae_spider_hilbert_zone_7 [nicolae_spider_hilbert_4_sides_1_open,
          nicolae_spider_hilbert_4_sides_1_open,
          nicolae_spider_hilbert_4_sides_1_open,
          nicolae_spider_hilbert_4_sides_1_open,
          nicolae_spider_hilbert_3_sides_1_open,
          nicolae_spider_hilbert_3_sides_1_open,
          nicolae_spider_hilbert_3_sides_1_open,
          nicolae_spider_hilbert_3_sides_1_open,
          nicolae_spider_hilbert_4_sides_1_open,
          nicolae_spider_hilbert_4_sides_1_open,
          nicolae_spider_hilbert_4_sides_1_open,
          nicolae_spider_hilbert_2_sides_1_open,
          nicolae_spider_hilbert_2_sides_1_open,
          nicolae_spider_hilbert_2_sides_1_open,
          nicolae_spider_hilbert_2_sides_1_open,
          nicolae_spider_hilbert_2_sides_1_open,
          nicolae_spider_hilbert_2_sides_1_open]
Orc:1:    hellmonk_paralyzer, layout_caves, gammafunk_ghost_berserking_beasts,
          basic_altar, mines2_david
Orc:2:    pf_orc_diabolical, layout_diamond_mine, basic_altar,
          david_defended_altar_orc

Skill      XL: |  1  2  3  4  5  6  7  8  9 10 11 12 13 14 15 16 |
---------------+-------------------------------------------------+-----
Unarmed Combat | 4 5 6 8 9 11 13 15 17 18 20 21 22 | 22.8
Fighting       | 3 4 5 7 8 9 11 13 14 15 | 15.9
Dodging        | 3 5 6 7 |  7.0
Throwing       | 1 |  1.0
Evocations     | 1 3 |  3.0
Maces & Flails | 2 |  2.0
Bows           | 1 |  1.0
Armour         | 2 3 5 6 7 |  7.0
Stealth        | |  1.0

Action                   |  1- 3 |  4- 6 |  7- 9 | 10-12 | 13-15 | 16-18 || total
-------------------------+-------+-------+-------+-------+-------+-------++-------
Melee: Unarmed           |    88 |   114 |   297 |   505 |  1006 |   395 ||  2405
       Punch             |     2 |     4 |    14 |    42 |   127 |    44 ||   233
       Giant spiked club |       |       |       |    15 |    28 |       ||    43
 Fire: Shortbow          |       |       |    10 |    15 |    27 |       ||    52
Throw: Stone             |       |     9 |    15 |     8 |       |       ||    32
       Dart              |       |     7 |    55 |    29 |    63 |    27 ||   181
       Javelin           |       |       |       |     8 |     5 |     5 ||    18
       Throwing net      |       |       |       |     2 |     3 |       ||     5
       Large rock        |       |       |       |     1 |    18 |     2 ||    21
       Boomerang         |       |       |       |       |     8 |       ||     8
Invok: Whirlwind         |       |       |       |    56 |   107 |    30 ||   193
       Lunge             |       |       |       |    55 |   114 |    28 ||   197
       Serpent's Lash    |       |       |       |     1 |       |       ||     1
 Abil: Wall Jump         |       |       |       |     1 |       |       ||     1
Evoke: Wand              |       |       |    15 |    18 |     9 |     3 ||    45
       Phial of floods   |       |       |       |       |     2 |       ||     2
       Condenser vane    |       |       |       |       |     1 |       ||     1
  Use: Scroll            |       |     5 |     6 |    12 |    12 |     7 ||    42
       Potion            |       |       |     4 |     2 |     1 |     3 ||    10
 Stab: Sleeping          |     6 |     2 |     2 |     2 |     6 |     1 ||    19
       Petrified         |       |       |       |       |     2 |       ||     2
       Distracted        |       |       |       |       |     1 |     1 ||     2
       Paralysed         |       |       |       |       |     1 |       ||     1
Armor: Robe              |    23 |    28 |    53 |    24 |       |       ||   128
       Acid dragon scale |       |       |       |    72 |   249 |   206 ||   527
       Quicksilver drago |       |       |       |       |    30 |       ||    30
Dodge: Dodged            |    47 |    39 |   123 |   320 |   419 |   287 ||  1235
       Repelled          |       |       |     1 |     4 |     4 |     2 ||    11
